 Dungeon Crawl Stone Soup version bcrawl-1.37.2 (webtiles) character file.

Game seed: 11708605048473521499

77342 FaviusArthum the Grave Robber (level 3, 0/23 (24) HPs)
             Began as a Human Necromancer on Dec 19, 2022.
             Succumbed to an adder's poison
             ... on level 3 of the Dungeon.
             The game lasted 00:13:29 (2551 turns).

FaviusArthum the Grave Robber (Human Necromancer)   Turns: 2551, Time: 00:13:29

HP:   0/23 (24)     AC:  2    Str:  8    XL:     3   Next: 95%
MP:   3/6           EV:  7    Int: 16    God:
Gold: 126           SH:  6    Dex: 13    Spells: 2/6 levels left

rFire    . . .     GDR:     25% n - +0 falchion
rCold    . . .     SeeInvis .   o - +0 medium shield
rNeg     . . .     Gourm    .   b - +0 robe
rPois    .         Faith    .   (no helmet)
rElec    .         Spirit   .   (no cloak)
rCorr    .         Reflect  .   (no gloves)
MR       .....                  (no boots)
Stlth    ++........             (no amulet)
HPRegen  0.13/turn              (no ring)
MPRegen  0.10/turn              (no ring)

@: lethally poisoned (0 -> -2), very slightly contaminated
A: no striking features
a: no special abilities


You were on level 3 of the Dungeon.
You were hungry.

You visited 1 branch of the dungeon, and saw 3 of its levels.

You collected 126 gold pieces.

Inventory:

Hand Weapons
 a - a +0 dagger of pain
 j - a +0 club
 n - a +0 falchion (weapon)
Missiles
 c - 95 needles of frenzy {=f}
 d - 225 arrows
 k - 217 sling bullets
 r - 97 poisoned needles
Armour
 b - a +0 robe (worn)
 o - a +0 medium shield (worn)
 q - a +0 ring mail
 u - a +0 chain mail
Scrolls
 f - a scroll of enchant weapon {unknown}
 g - a scroll of teleportation
 h - a scroll of amnesia
 i - a scroll of identify
 s - a scroll of blinking {unknown}
 t - a scroll of noise {unknown}
Potions
 l - a potion of might {unknown}
 m - a potion of berserk rage {unknown}
 p - a potion of magic {unknown}
 v - a potion of agility {unknown}
Comestibles
 e - 2 rations {!d}


   Skills:
 + Level 0.1 Fighting
 + Level 0.3 Long Blades
 + Level 2.7 Dodging
 + Level 2.6 Stealth
 + Level 2.4 Spellcasting
 + Level 5.1 Necromancy


You had 2 spell levels left.
You knew the following spells:

 Your Spells              Type           Power        Failure   Level  Hunger
a - Necrotize             Necr           ###...       77%         1    None
b - Vampiric Draining     Necr           ###.......   98%         3    ####...

Your spell library contained the following spells:

 Spells                   Type           Power        Failure   Level  Hunger
 Agony                    Necr           ###.....     100%        4    ######.
 Animate Dead             Necr           N/A          100%        4    ######.
 Dispel Undead            Necr           ###.....     100%        5    #######


Dungeon Overview and Level Annotations

Branches:
Dungeon (3/12)

Altars:
Ashenzari
Gozag
Lugonu

Annotations:
D:2 Crazy Yiuf, Terence


Message History

* * * LOW HITPOINT WARNING * * *
You feel sick. You block the adder's attack. The adder barely misses you.
You hit the adder.
The adder is moderately wounded.
The adder bites you.
* * * LOW HITPOINT WARNING * * *
You block the adder's attack.
You miss the adder.
The adder is moderately wounded.
You block the adder's attack. The adder closely misses you.
You barely miss the adder.
The adder is moderately wounded.
* * * LOW HITPOINT WARNING * * *
You feel sick. The adder barely misses you. x2
You closely miss the adder.
The adder is moderately wounded.
You block the adder's attack.
You miss the adder.
The adder is moderately wounded.
You die...

####### >..)..#
#####.#
#.########
#........#######
########...S@..#
#######.# ##.#.#
#########.###.#
#........## #..
#.#######..# ###
#..........# #.#
#..#######...
#.# #..# #.#.
#.#


You could see an adder.

Vanquished Creatures
  A dart slug (D:2)
  A leopard gecko (D:1)
  5 bats
  4 giant cockroaches
  3 goblins (D:2)
  7 hobgoblins
  3 quokkas (D:2)
  A frilled lizard (D:2)
25 creatures vanquished.

Vanquished Creatures (collateral kills)
  2 dart slugs (D:2)
  A leopard gecko (D:2)
  2 hobgoblins (D:2)
  A kobold (D:2)
6 creatures vanquished.

Grand Total: 31 creatures vanquished

Notes
Turn   | Place    | Note
-------+----------+-------------------------------------------
     0 | D:1      | FaviusArthum the Human Necromancer began the quest for the
                  | Orb.
     0 | D:1      | Reached XP level 1. HP: 13/13 MP: 3/3
   146 | D:1      | Reached XP level 2. HP: 15/19 MP: 1/5
   741 | D:2      | Found a corrupted altar of Lugonu.
   979 | D:2      | Reached XP level 3. HP: 22/24 MP: 3/6
  1051 | D:2      | Reached skill level 5 in Necromancy
  1546 | D:2      | Learned a level 3 spell: Vampiric Draining
  1719 | D:2      | Found an opulent altar of Gozag.
  1794 | D:2      | Found a runed door.
  1798 | D:2      | Noticed Crazy Yiuf
  1842 | D:2      | Found a shattered altar of Ashenzari.
  1846 | D:2      | Noticed Terence
  2547 | D:3      | HP: 1/23 [adder (1)]
  2551 | D:3      | Succumbed to an adder's poison

Skill      XL: |  1  2  3 |
---------------+----------+-----
Necromancy     | 5 |  5.1
Fighting       | |  0.1
Long Blades    | |  0.3
Dodging        | |  2.7
Stealth        | |  2.6
Spellcasting   | |  2.4

Action                   || total
-------------------------++-------
Melee: Dagger            ||    10
       Club              ||    26
       Falchion          ||    60
 Cast: Necrotize         ||    25
  Use: Scroll            ||     2
  Eat: Ration            ||     2
       Chunk             ||     1
Armor: Robe              ||    22
Dodge: Dodged            ||    65
Block: Medium shield     ||    20
